 Dungeon Crawl Stone Soup version 0.22-a0-247-gbddf880757 (webtiles) character file.

1153 Peterchen the Cleaver (level 8, -4/66 HPs)
             Began as a Minotaur Berserker on Feb 24, 2018.
             Was a Priest of Trog.
             Slain by a soldier ant (9 damage)
             ... on level 5 of the Dungeon.
             The game lasted 00:11:35 (3989 turns).

Peterchen the Cleaver (Minotaur Berserker)          Turns: 3989, Time: 00:11:35

Health: -4/66      AC:  7    Str: 23    XL:     8   Next: 16%
Magic:  7/7        EV: 10    Int:  4    God:    Trog [***...]
Gold:   248        SH:  0    Dex: 11    Spells: 7/7 levels left

rFire    . . .     SeeInvis .   a - +0 hand axe
rCold    . . .     Gourm    +   (no shield)
rNeg     . . .     Faith    .   d - +1 scale mail
rPois    .         Spirit   .   (helmet restricted)
rElec    .         Reflect  .   (no cloak)
rCorr    .         Harm     .   (no gloves)
MR       ++...                  (no boots)
Stlth    ..........             p - amulet of the gourmand
HPRegen  1.21/turn              (no ring)
MPRegen  0.10/turn              (no ring)

@: lethally poisoned (-4 -> -8), berserk cooldown, regenerating, slowed, very
slow
A: retaliatory headbutt, horns 2
a: Berserk, Trog's Hand, Renounce Religion


You were on level 5 of the Dungeon.
You worshipped Trog.
Trog was most pleased with you.
You were not hungry.

You visited 1 branch of the dungeon, and saw 5 of its levels.

You collected 248 gold pieces.

Inventory:

Hand Weapons
 a - a +0 hand axe (weapon)
Armour
 d - a +1 scale mail (worn)
Jewellery
 p - an amulet of the gourmand (around neck)
 r - an uncursed amulet of regeneration
Scrolls
 g - 6 scrolls of remove curse {unknown}
 h - 3 scrolls of teleportation
 i - 2 scrolls of enchant armour
 k - a scroll of amnesia {unknown}
 l - 5 scrolls of identify {unknown}
 n - a scroll of random uselessness {unknown}
 q - a scroll of enchant weapon {unknown}
 s - a scroll of immolation {unknown}
 v - a scroll of brand weapon {unknown}
Potions
 b - a potion of heal wounds {unknown}
 e - 2 potions of resistance {unknown}
 f - a potion of agility {unknown}
 o - a potion of flight {unknown}
 t - a potion of cancellation {unknown}
 u - a potion of brilliance {unknown}
Comestibles
 c - 9 rations


   Skills:
 - Level 3.6 Fighting
 * Level 11.8 Axes
 - Level 2.4 Armour
 - Level 2.2 Dodging


You had 7 spell levels left.
You didn't know any spells.

Dungeon Overview and Level Annotations

Branches:
Dungeon (5/15)
 Temple: D:4-7

Altars:
Cheibriados
Fedhas
Gozag
Hepliaklqana
Qazlal
Vehumet

Shops:
D:4 [

Annotations:
D:5 2 runed doors


Innate Abilities, Weirdness & Mutations

You reflexively headbutt those who attack you in melee.
You have a pair of horns on your head.


Message History

* * * LOW HITPOINT WARNING * * *
You feel very sick. The soldier ant closely misses you.
* * * LOW HITPOINT WARNING * * *
You feel very sick. The soldier ant completely misses you.
You hit the soldier ant but do no damage.
The soldier ant is moderately wounded.
You feel sick. The soldier ant closely misses you.
You slash the soldier ant!
The soldier ant is severely wounded.
* * * LOW HITPOINT WARNING * * *
You feel very sick. The soldier ant misses you. You furiously retaliate!
You headbutt the soldier ant, but do no damage.
You hit the soldier ant.
The soldier ant is severely wounded.
* * * LOW HITPOINT WARNING * * *
You feel sick. The soldier ant stings you!
You die...

..........................##.....
#.......#...###...#..#######.....
........#...# #...#.......##.....
........#...# #...#.......##.....
.###.####...###...#.......####.##
## #.# #.................####.##
#.# #.................##..... #
##.####.................##..... #
#........#....@.........##..... #
#........#.....a........##..... #
#........#..........[...##.....
#######....#...........>..##.....
<# ###..#......))......##..... .#
#..#......).......##..... .#
####......).......##..... .#
#########......##..#..... .#
#......................##


You could see a soldier ant.

Vanquished Creatures
  2 soldier ants (D:5)
  3 water moccasins (D:5)
  A sky beast (D:5)
  An ice beast (D:5)
  A crimson imp (D:5)
  An orc priest (D:5)
  A jelly (D:5)
  A bullfrog skeleton (D:5)
  2 orc wizards (D:5)
  6 worker ants
  4 adders
  A shadow imp (D:5)
  An ooze (D:1)
  A dart slug (D:4)
  A leopard gecko (D:3)
  8 orcs
  A ball python (D:3)
  2 giant cockroaches
  9 goblins
  5 hobgoblins
  2 quokkas
  10 bats
  4 frilled lizards
  3 kobolds
  13 rats
84 creatures vanquished.

Notes
Turn   | Place    | Note
-------+----------+-------------------------------------------
     0 | D:1      | Peterchen the Minotaur Berserker began the quest for the Orb.
     0 | D:1      | Reached XP level 1. HP: 19/19 MP: 0/0
    37 | D:1      | Reached skill level 4 in Axes
   204 | D:1      | Reached XP level 2. HP: 25/27 MP: 1/1
   410 | D:1      | Reached ** piety under Trog
   769 | D:2      | Reached skill level 5 in Axes
   894 | D:2      | Found a radiant altar of Vehumet.
   917 | D:2      | Reached XP level 3. HP: 33/33 MP: 2/2
   939 | D:2      | Found a stormy altar of Qazlal.
  1321 | D:2      | Found an opulent altar of Gozag.
  2124 | D:4      | Found a hazy altar of Hepliaklqana.
  2426 | D:4      | Reached skill level 6 in Axes
  2426 | D:4      | Reached XP level 4. HP: 33/40 MP: 3/3
  2566 | D:4      | Found a snail-covered altar of Cheibriados.
  2567 | D:4      | Found a blossoming altar of Fedhas.
  2623 | D:4      | Found Juomarche's Armour Boutique.
  2866 | D:5      | Entered Level 5 of the Dungeon
  2879 | D:5      | Reached XP level 5. HP: 43/46 MP: 4/4
  2880 | D:5      | Reached skill level 7 in Axes
  2884 | D:5      | Reached *** piety under Trog
  2892 | D:5      | Noticed an ice beast
  2924 | D:5      | Killed an ice beast
  2924 | D:5      | Reached skill level 8 in Axes
  2924 | D:5      | Reached XP level 6. HP: 52/52 MP: 5/5
  3108 | D:5      | Noticed a soldier ant
  3109 | D:5      | Noticed a soldier ant
  3111 | D:5      | Found a runed door.
  3111 | D:5      | Noticed a soldier ant
  3177 | D:5      | Noticed a sky beast
  3185 | D:5      | Killed a sky beast
  3185 | D:5      | Reached skill level 9 in Axes
  3234 | D:5      | Found the +9 staff of Olgreb {rPois}
  3237 | D:5      | Found a runed door.
  3256 | D:5      | Found a runed gate.
  3256 | D:5      | Noticed a water moccasin
  3256 | D:5      | Noticed a soldier ant
  3256 | D:5      | Noticed a water moccasin
  3256 | D:5      | Noticed a water moccasin
  3256 | D:5      | Noticed a water moccasin
  3318 | D:5      | Found a runed gate.
  3322 | D:5      | Found a runed gate.
  3337 | D:5      | Killed a water moccasin
  3337 | D:5      | Reached skill level 10 in Axes
  3337 | D:5      | Reached XP level 7. HP: 58/58 MP: 6/6
  3358 | D:5      | HP: 1/58 [poisoned by a water moccasin]
  3841 | D:5      | Reached skill level 11 in Axes
  3939 | D:5      | Reached XP level 8. HP: 15/66 MP: 7/7
  3989 | D:5      | Slain by a soldier ant

Vault maps used:
D:1:      eino_arrival_water_star
D:2:      vehumet_crystals, nicolae_overflow_crystal_walls, marbit_many_paths,
          minmay_misc_feat_encased, grunt_decor_resistance, minmay_pentomino_r2
D:3:      serial_glass, glass_columns_a, glass_columns_c,
          minmay_misc_feat_plants
D:4:      lemuel_crystal_altar, kennysheep_slug_shrine, serial_shops,
          nicolae_shop_window_shopping, first_ration, fedhas_altar_3
D:5:      okawaru_altar_gauntlet_db, minmay_guarded_unrand_staff_of_olgreb

Skill      XL: |  1  2  3  4  5  6  7 |
---------------+----------------------+-----
Axes           | 4 5 6 8 10 11 | 11.8
Fighting       | |  3.6
Armour         | |  2.4
Dodging        | |  2.2

Action                   |  1- 3 |  4- 6 |  7- 9 || total
-------------------------+-------+-------+-------++-------
Melee: Hand axe          |   110 |    60 |    70 ||   240
       Headbutt          |     9 |    16 |    13 ||    38
Invok: Berserk           |     1 |     4 |     2 ||     7
       Trog's Hand       |       |     1 |     2 ||     3
  Use: Scroll            |       |       |     2 ||     2
       Potion            |       |       |     1 ||     1
  Eat: Chunk             |     5 |     7 |     6 ||    18
       Ration            |       |       |     1 ||     1
Armor: Scale mail        |    39 |    23 |    12 ||    74
Dodge: Dodged            |    68 |    25 |    27 ||   120

Table legend:
 A = Spawn XP
 B = Non-spawn XP
 C = Spawn XP percentage of total XP
 D = Spawn monster count
 E = Non-spawn monster count
 F = Spawn count percentage of total count
 G = Total turns spent on level
                    A         B        C        D         E        F      G
               +---------+---------+-------+---------+---------+-------+---------
         Total |       0 |    1648 |   0.0 |       0 |      84 |   0.0 |  3989
               +---------+---------+-------+---------+---------+-------+---------
           D:1 |       0 |      37 |   0.0 |       0 |      22 |   0.0 |   749
           D:2 |       0 |      17 |   0.0 |       0 |      12 |   0.0 |   656
           D:3 |       0 |      37 |   0.0 |       0 |      15 |   0.0 |   597
           D:4 |       0 |     102 |   0.0 |       0 |       8 |   0.0 |   881
           D:5 |       0 |    1455 |   0.0 |       0 |      27 |   0.0 |  1106
               +---------+---------+-------+---------+---------+-------+---------
